 Dungeon Crawl Stone Soup version 0.30-a0-782-ge64f9170bb (webtiles) character file.

Game seed: 9566384578023145243

65 Leeroy the Insei (level 4, -1/28 HPs)
             Began as an Octopode Transmuter on Feb 23, 2023.
             Slain by a goblin
             ... wielding a +2 dagger of protection
             ... led by Robin
              (8 damage)
             ... on level 2 of the Dungeon.
             The game lasted 00:01:17 (1561 turns).

Leeroy the Insei (Octopode Transmuter)              Turns: 1561, Time: 00:01:18

Health: -1/28      AC:  1    Str:  9    XL:     4   Next: 13%
Magic:  7/7        EV: 13    Int: 17    God:
Gold:   99         SH:  0    Dex: 12    Spells: 3/7 levels left

rFire   + + .      SeeInvis .      - Unarmed
rCold   x . .      Faith    .    (no shield)
rNeg    . . .      Spirit   .    (helmet restricted)
rPois   .          Reflect  .    (no amulet)
rElec   .          Harm     .    c - ring of protection from fire
rCorr   .          Rampage  .    g - ring of fire
Will    .....                    (no ring)
Stlth   ++                       (no ring)
HPRegen 0.24/turn                (no ring)
MPRegen 0.10/turn                (no ring)
                                 (no ring)
                                 (no ring)

@: no status effects
A: almost no armour, amphibious, 8 rings, camouflage 1, gelatinous body 1,
(nimble swimmer 1), tentacles
a: no special abilities


You were on level 2 of the Dungeon.
You visited 1 branch of the dungeon, and saw 3 of its levels.

You collected 99 gold pieces.

Inventory:

Missiles
 b - 5 poisoned darts
Jewellery
 c - a ring of protection from fire (left tentacle)
 g - a ring of fire (right tentacle)
Wands
 j - a wand of flame (13)
Scrolls
 d - a scroll of brand weapon {unknown}
 e - a scroll of teleportation {unknown}
 h - a scroll of poison {unknown}
 l - 2 scrolls of identify {unknown}
 m - a scroll of enchant armour {unknown}
 n - a scroll of fog {unknown}
 o - a scroll of amnesia {unknown}
Potions
 a - a potion of lignification
 f - 2 potions of heal wounds {unknown}
 i - a potion of haste {unknown}
 k - 2 potions of curing {unknown}


   Skills:
 - Level 1.0 Fighting
 - Level 2.0 Dodging
 * Level 4.9 Unarmed Combat
 - Level 2.0 Spellcasting
 - Level 2.0 Transmutations


You had 3 spell levels left.
You knew the following spells:

 Your Spells              Type           Power      Damage    Failure   Level
a - Beastly Appendage     Tmut           16%        N/A       9%          1
b - Spider Form           Tmut/Pois      5%         N/A       36%         3

Your spell library contained the following spells:

 Spells                   Type           Power      Damage    Failure   Level
 Wereblood                Tmut           8%         N/A       13%         2
 Sandblast                Erth           2%         2d4       19%         1
 Passwall                 Tmut/Erth      4%         N/A       19%         2
 Inner Flame              Hex/Fire       2%         N/A       50%         3
 Stone Arrow              Conj/Erth      2%         3d7       50%         3
 Ice Form                 Ice/Tmut       5%         N/A       77%         4
 Cause Fear               Hex            0%         N/A       88%         4
 Discord                  Hex            0%         N/A       100%        8


Dungeon Overview and Level Annotations

Branches:
Dungeon (3/15)

Altars:

Annotations:
D:3 Robin


Innate Abilities, Weirdness & Mutations

You cannot wear most types of armour.
You are amphibious.
You can wear up to eight rings at the same time.
Your skin changes colour to match your surroundings (Stealth+).
Your rubbery body absorbs attacks. (AC +1, EV +1)
((You are camouflaged when in or above water. (Stealth+)))
You have tentacles for arms and can constrict up to eight enemies at once.


Message History

No target in view!
No target in view!
No target in view!
No target in view!
You start resting.
Your transformation has ended.
You start resting.
Magic restored.
You climb downwards.
Level annotation: Robin The goblin hits you with a +0 dagger.
The goblin hits you with a +2 dagger of protection.
Robin roars a battlecry!
The goblins go into a battle-frenzy!
The goblin misses you.
The goblin hits you with a +2 dagger of protection.
There is a stone staircase leading up here.
The hobgoblin hits you. The goblin hits you with a +0 dagger.
* * * LOW HITPOINT WARNING * * *
The goblin closely misses you.
You climb upwards.
There is a stone staircase leading down here.
You are too injured to fight recklessly!
The hobgoblin barely misses you.
Things that are here:
a +0 club; a +0 club; a goblin corpse You tentacle-slap the goblin.
You kill the goblin!
You barely miss the goblin. You grab the goblin.
You constrict the goblin, but do no damage.
The goblin misses you.
You tentacle-slap the goblin but do no damage.
You squeeze the goblin, but do no damage.
You constrict the goblin.
The goblin struggles to escape constriction.
You tentacle-slap the goblin but do no damage.
The goblin is moderately wounded.
You constrict the goblin.
The goblin hits you with a +2 dagger of protection!
You die...

#.#######.### #.......# #####
#...........#####.#####.# #...#
#..................# #.## #...#
#...........#......####.#.
#...###...........#....[......#.
#.............#...........#####.
#........#...)#####....#....###.
#...........)>### #.....#.#.....
#........#..†gg@###.....#.#####.
#........####.#..####.#.#.......
#........#.....#....#.#.........
##########.....##...#.#........÷
#.....##.....#.........
#(....##...#<.#........
#........).#...##.....#
#.....#....##..........
#..............##.....#


You could see a hobgoblin (strong) and a goblin (strong).

Vanquished Creatures
  3 adders (D:2)
  3 endoplasms
  8 goblins
  5 hobgoblins (D:2)
  2 quokkas
  4 ball pythons
  3 bats
  A frilled lizard (D:2)
  2 kobolds
  5 rats
36 creatures vanquished.

Notes
Turn   | Place    | Note
-------+----------+-------------------------------------------
     0 | D:1      | Leeroy the Octopode Transmuter began the quest for the Orb.
     0 | D:1      | Reached XP level 1. HP: 13/13 MP: 3/3
   150 | D:1      | Reached XP level 2. HP: 12/18 MP: 5/5
   234 | D:1      | Found a faded altar of an unknown god.
   795 | D:2      | Reached skill level 4 in Unarmed Combat
   920 | D:2      | Reached XP level 3. HP: 20/23 MP: 6/6
  1443 | D:3      | Noticed Robin
  1453 | D:2      | Learned a level 3 spell: Spider Form
  1463 | D:2      | Reached XP level 4. HP: 19/28 MP: 1/7
  1561 | D:2      | Slain by a goblin

Illustrated notes

Levels and vault maps discovered:
D:1:      spicycebolla_arrival_xxxplode, layout_basic,
          dilly_ecumenical_altar_fadedgnrine, corner_web_ring
D:2:      layout_basic, reono_crystal_passage
D:3:      layout_loops_ring, grunt_qazlal_sundering, gammafunk_ghost_necromancy,
          uniq_robin

Skill      XL: |  1  2 |
---------------+-------+-----
Unarmed Combat | 4 |  4.9
Fighting       | |  1.0
Dodging        | |  2.0
Spellcasting   | |  2.0
Transmutations | |  2.0

Action                     |  1- 3 |  4- 6 || total
---------------------------+-------+-------++-------
  Melee: Unarmed           |    72 |    11 ||    83
         Constrict         |    18 |     1 ||    19
         Tentacles         |     8 |     1 ||     9
         Punch             |     1 |       ||     1
   Cast: Spider Form       |     1 |     1 ||     2
   Stab: Sleeping          |     5 |       ||     5
 Armour: Skin              |     8 |       ||     8
  Dodge: Dodged            |    46 |    13 ||    59

Table legend: (Time is in decaauts)
 A = Elapsed time spent in this place.
 B = Non-inter-level travel time spent in this place.
 C = Inter-level travel time spent in this place.
 D = Time resting spent in this place.
 E = Time spent auto-exploring this place.
 F = Levels seen in this place.
 G = Mean time per level.
                   A        B        C        D        E       F      G
               +--------+--------+--------+--------+--------+-----+--------+
         Total |   1557 |   1524 |     33 |     75 |   1205 |   3 |  519.0 |
       Dungeon |   1557 |   1524 |     33 |     75 |   1205 |   3 |  519.0 |
               +--------+--------+--------+--------+--------+-----+--------+

Top non-repeatable levels by time:
     D:2: 929 daAuts
     D:1: 617 daAuts
     D:3: 10 daAuts
